 Dungeon Crawl Stone Soup version 0.31.0-11-ge490571c62 (webtiles) character file.

Game seed: 9151086553945218566

1054 jestert79 the Skirmisher (level 8, -4/46 HPs)
             Began as a Kobold Hexslinger on Jan 31, 2024.
             Was an Initiate of Gozag.
             Slain by a gnoll
             ... wielding a +0 club
             ... led by a gnoll bouda
              (8 damage)
             ... on level 5 of the Dungeon.
             The game lasted 00:09:36 (4212 turns).

jestert79 the Skirmisher (Kobold Hexslinger)        Turns: 4212, Time: 00:09:39

Health: -4/46      AC:  3    Str: 11    XL:     8   Next: 51%
Magic:  9/9        EV: 17    Int: 20    God:    Gozag
Gold:   393        SH:  0    Dex: 20    Spells: 3/9 levels left

rFire   . . .        a - +1 sling
rCold   . . .        (no shield)
rNeg    + . .        t - +0 robe {rN+}
rPois   .            (no helmet)
rElec   .            (no cloak)
rCorr   .            (no gloves)
SInv    .            k - +0 pair of boots
Will    .....        (no amulet)
Stlth   +++          w - +6 ring of intelligence
HPRegen 0.27/turn    y - +6 ring of strength
MPRegen 0.11/turn

%: no passive effects
@: weak-willed
A: small, no large weapons, nightstalker 3
a: Renounce Religion, Potion Petition, Call Merchant, Bribe Branch


You were on level 5 of the Dungeon.
You worshipped Gozag.
Gozag was aware of your devotion.
You visited 1 branch of the dungeon, and saw 5 of its levels.

You collected 452 gold pieces.
You paid 59 gold pieces to Gozag.

Inventory:

Hand Weapons
 a - a +1 sling (weapon)
 b - a +1 dagger of venom
Armour
 k - a +0 pair of boots (worn)
 t - a +0 robe of positive energy (worn)
Jewellery
 o - a ring of fire
 w - a +6 ring of intelligence (left hand)
 y - a +6 ring of strength (right hand)
Wands
 i - a wand of polymorph (12)
 z - a wand of charming (11)
Scrolls
 h - 3 scrolls of noise {unknown}
 j - 3 scrolls of teleportation {unknown}
 n - 3 scrolls of identify {unknown}
 p - 2 scrolls of blinking {unknown}
 r - a scroll of amnesia {unknown}
 s - a scroll of enchant armour {unknown}
 u - a scroll of vulnerability {unknown}
 v - a scroll of silence {unknown}
 x - a scroll of fog {unknown}
 A - a scroll of torment {unknown}
 C - 2 scrolls of poison
 D - a scroll of enchant weapon {unknown}
Potions
 c - a potion of might {unknown}
 d - a potion of magic
 e - 4 potions of curing
 f - 2 potions of haste {unknown}
 g - a potion of ambrosia {unknown}
 l - a potion of heal wounds {unknown}
 m - a potion of degeneration {unknown}
 q - a potion of lignification {unknown}
 B - a potion of mutation {unknown}


   Skills:
 + Level 3.4 Fighting
 + Level 9.7 Ranged Weapons
 + Level 4.4 Dodging
 - Level 1.1 Spellcasting
 + Level 5.1 Hexes
 - Level 1.0 Fire Magic


You had 3 spell levels left.
You knew the following spells:

 Your Spells              Type           Power      Damage    Failure   Level
a - Jinxbite              Hex            42%        N/A       3%          2
b - Cause Fear            Hex            10%        N/A       22%         4

Your spell library contained the following spells:

 Spells                   Type           Power      Damage    Failure   Level
 Sigil of Binding         Hex            21%        N/A       6%          3
 Inner Flame              Hex/Fire       13%        N/A       14%         3
 Freeze                   Ice            4%         1d3       17%         1
 Frozen Ramparts          Ice            2%         1d1       45%         3
 Hailstorm                Conj/Ice       1%         3d5       45%         3
 Dimensional Bullseye     Hex/Tloc       5%         N/A       52%         4
 Summon Mana Viper        Hex/Summ       11%        N/A       86%         5
 Summon Forest            Summ/Tloc      0%         N/A       99%         5
 Summon Cactus Giant      Summ           0%         N/A       100%        6


Dungeon Overview and Level Annotations

Branches:
Dungeon (5/15)
 Temple: D:4-7

Altars:
Gozag
Kikubaaqudgha
Uskayaw
Xom
Yredelemnul


Innate Abilities, Weirdness & Mutations

You are small and have problems with some larger weapons.
You are completely attuned to the shadows.


Message History

* * * LOW HITPOINT WARNING * * *
The gnoll bouda misses you. The gnoll hits you with a +0 club.
* * * LOW HITPOINT WARNING * * *
Unknown command.
You shoot a sling bullet. The sling bullet hits the gnoll bouda.
The gnoll bouda is severely wounded.
The gnoll is no longer moving quickly.
The gnoll closely misses you.
The gnoll bouda barks out a call to the hunt!
The gnoll picks up the pace!
The gnoll completely misses you.
Unknown command.
It was a potion of curing.
You feel better.
The gnoll seems less drained.
The gnoll closely misses you. The gnoll bouda barely misses you.
The gnoll closely misses you.
You shoot a sling bullet.
The sling bullet barely misses the gnoll bouda.
Press: ? - help, v - describe, . - travel
Here: a gnoll bouda, wielding a +0 whip and wearing a +0 leather armour (severely wounded)
The floor.
Unknown command.
Unknown command.
Fire: a) +1 sling
Press: ? - help, Q - select action, (/) - cycle Shift-Dir - straight line, f/p - gnoll bouda
Aim: a gnoll bouda, wielding a +0 whip and wearing a +0 leather armour (severely wounded, 69% to hit)
You shoot a sling bullet.
The sling bullet closely misses the gnoll bouda.
The gnoll bouda barely misses you. The gnoll hits you with a +0 club.
* * * LOW HITPOINT WARNING * * *
The gnoll misses you.
Unknown command.
Unknown command.
Unknown command.
Unknown command.
It was a potion of magic.
Magic courses through your body. The gnoll barely misses you.
The gnoll bouda hits you with a +0 whip.
* * * LOW HITPOINT WARNING * * *
The gnoll hits you with a +0 club!
You die...
Your body crumbles into a pile of gold.

#...#...... #...##.####
#######.# ........#
#......########## #.
######.##.......# .
..####.##.......#######
.......##......g##.....
######
#.......+.....(.@g.....
......
#####.#.#......g##.....
###### ..#
#.#.#.......##.=... #
..# #.#..)...[..####...
# ..# ##......### ...
###### ..###.###......
...... )#..#.# #.....#
###### .#..#.# #.###.#
##. .#..#.###.###.
#....#..


You could see a gnoll bouda and 2 gnolls.

Vanquished Creatures
  Sigmund (D:2)
  An ice beast (D:5)
  An ogre (D:5)
  A phantom (D:4)
  3 scorpions (D:5)
  A howler monkey (D:4)
  A bombardier beetle (D:4)
  5 hounds
  An orc priest (D:4)
  2 orc wizards (D:4)
  3 gnolls (D:5)
  6 adders
  2 dart slugs (D:2)
  2 ribbon worms
  13 orcs
  5 ball pythons
  9 bats
  7 endoplasms
  6 giant cockroaches
  5 hobgoblins
  2 jackals (D:3)
  5 kobolds
  3 quokkas
  3 frilled lizards (D:2)
  10 goblins
  5 rats
103 creatures vanquished.

Notes
Turn   | Place    | Note
-------+----------+-------------------------------------------
     0 | D:1      | jestert79 the Kobold Hexslinger began the quest for the
                  | Orb.
     0 | D:1      | Reached XP level 1. HP: 12/12 MP: 2/2
    54 | D:1      | Reached skill level 3 in Ranged Weapons
   122 | D:1      | Reached XP level 2. HP: 16/16 MP: 3/3
   361 | D:1      | Reached XP level 3. HP: 20/20 MP: 4/4
   365 | D:1      | Reached skill level 4 in Ranged Weapons
   494 | D:1      | Learned a level 2 spell: Jinxbite
   780 | D:2      | Found a faded altar of an unknown god.
   953 | D:2      | Found a hide-covered altar of Uskayaw.
   959 | D:2      | Noticed Sigmund
   978 | D:2      | Killed Sigmund
   979 | D:2      | Reached skill level 6 in Ranged Weapons
   979 | D:2      | Reached XP level 4. HP: 5/25 MP: 5/5
   979 | D:2      | Reached XP level 5. HP: 5/29 MP: 6/6
   980 | D:2      | Reached XP level 6. HP: 7/34 MP: 7/7
  1417 | D:2      | Reached skill level 7 in Ranged Weapons
  1730 | D:3      | Found an ancient bone altar of Kikubaaqudgha.
  2157 | D:3      | Found an opulent altar of Gozag.
  2462 | D:3      | Became a worshipper of Gozag Ym Sagoz the Greedy
  2656 | D:4      | Reached skill level 8 in Ranged Weapons
  2838 | D:4      | Found a basalt altar of Yredelemnul.
  3054 | D:4      | Reached XP level 7. HP: 38/38 MP: 8/8
  3178 | D:4      | Learned a level 4 spell: Cause Fear
  3402 | D:5      | Entered Level 5 of the Dungeon
  3470 | D:5      | Found a shimmering altar of Xom.
  3486 | D:5      | Reached skill level 9 in Ranged Weapons
  3594 | D:5      | Reached XP level 8. HP: 39/45 MP: 9/9
  4101 | D:5      | Reached skill level 5 in Hexes
  4212 | D:5      | Slain by a gnoll

Illustrated notes

Levels and vault maps discovered:
D:1:      elethiomel_arrival_quiet, layout_loops_ring, corexii_leaking_fountain
D:2:      layout_rooms, nicolae_ecumenical_pavilion, basic_altar, uniq_sigmund
D:3:      layout_rooms, nicolae_kikubaaqudgha_miasma_corner, marbit_many_paths,
          dreamdust_princess_bridge
D:4:      layout_loops_ring, mainiacjoe_overflow_surrounded_room
D:5:      layout_basic, mainiacjoe_overflow_alcove_1, kennysheep_generic_room_11

Skill      XL: |  1  2  3  4  5  6  7  8 |
---------------+-------------------------+-----
Ranged Weapons | 3 6 8 9 |  9.7
Hexes          | 4 5 |  5.1
Dodging        | 3 4 |  4.4
Fighting       | 2 3 |  3.4
Spellcasting   | |  1.1
Fire Magic     | |  1.0

Action                     |  1- 3 |  4- 6 |  7- 9 || total
---------------------------+-------+-------+-------++-------
   Fire: Sling             |    89 |   154 |   132 ||   375
   Cast: Jinxbite          |       |     5 |    12 ||    17
    Use: Potion            |       |       |     2 ||     2
 Armour: Robe              |    27 |    29 |    44 ||   100
  Dodge: Dodged            |    34 |    47 |    89 ||   170
